 Dungeon Crawl Stone Soup version bcrawl-1.38.3 (webtiles) character file.

Game seed: 18218069751438231215

221961 kush the Arsonist (level 8, -2/61 HPs)
             Began as a Djinni Fire Elementalist on July 1, 2023.
             Was an Initiate of Vehumet.
             Slain by an ice beast (6 damage)
             ... on level 6 of the Dungeon.
             The game lasted 00:14:10 (4849 turns).

kush the Arsonist (Djinni Fire Elementalist)        Turns: 4849, Time: 00:14:11

Health: -2/61      AC:  2    Str: 11      XL:     8   Next: 5%
Magic:  5/19       EV: 12    Int: 20      God:    Vehumet [......]
Gold:   255        SH:  0    Dex: 10 (11) Spells: 8/21 levels left

rFire    . . .     GDR:     22% h - +0 dagger
rCold    . . .     Archmagi +   (no shield)
rNeg     . . .     SeeInvis .   r - +0 robe {Archmagi}
rPois    .         Gourm    .   (no helmet)
rElec    .         Faith    .   (no cloak)
rCorr    .         Spirit   .   (no gloves)
MR       .....     Reflect  .   (boots unavailable) Stlth ++........Rnd*Rage +
                                (no amulet)
HPRegen  0.20/turn              (no ring)
MPRegen  0.16/turn              (no ring)

@: flying, very slightly contaminated
A: never pass out, berserk 2, blink, blurry vision 2, wild magic 3, MP-powered
wands, floating
a: Blink, Renounce Religion


You were on level 6 of the Dungeon.
You worshipped Vehumet.
Vehumet was noncommittal.
You were hungry.

You visited 2 branches of the dungeon, and saw 7 of its levels.

You collected 255 gold pieces.

Inventory:

Hand Weapons
 h - a +0 dagger (weapon)
 n - the +5 spear of the Five Nightingales {protect, Str+3 Dex+5, unknown}
   (You found it on level 5 of the Dungeon)

   It grants its wielder temporary protection when it strikes (+7 to AC).
   It affects your strength (+3).
   It affects your dexterity (+5).
Missiles
 d - 487 stones (quivered)
Armour
 r - a +0 robe of the Archmagi (worn)
Wands
 c - a wand of flame (20)
Scrolls
 a - 3 scrolls of remove curse
 g - 5 scrolls of amnesia
 j - a scroll of teleportation
 k - 4 scrolls of immolation
 o - a scroll of fog {unknown}
 s - 2 scrolls of fear {unknown}
Potions
 b - 3 potions of might
 f - 3 potions of curing
 l - a potion of ambrosia
 m - a potion of mutation {unknown}
 p - a potion of magic {unknown}
Comestibles
 e - 9 rations {!d}


   Skills:
 + Level 1.8 Fighting
 - Level 2.0 Dodging
 - Level 1.5 Stealth
 + Level 7.4 Spellcasting
 * Level 3.2 Conjurations
 - Level 9.1 Fire Magic


You had 8 spell levels left.
You knew the following spells:

 Your Spells              Type           Power        Failure   Level  Hunger
a - Flame Tongue          Conj/Fire      #####        5%          1    None
c - Conjure Flame         Conj/Fire      #######.     11%         3    None
f - Fireball              Conj/Fire      #######...   45%         5    #####..
s - Sticky Flame          Conj/Fire      #######.     22%         4    ###....

Your spell library contained the following spells:

 Spells                   Type           Power        Failure   Level  Hunger
 Flaming Arrows           Chrm/Fire      ######..     11%         2    None
 Inner Flame              Hex/Fire       N/A          16%         3    None


Dungeon Overview and Level Annotations

Branches:
Dungeon (6/12)             Temple (1/1) D:4

Altars:
Ashenzari
Cheibriados
Gozag
Lugonu
Makhleb
Nemelex Xobeh
Sif Muna
Uskayaw
Vehumet
The Shining One

Annotations:
D:2 exclusion: downstairs
D:4 1 runed door
D:5 exclusion: crimson imp


Innate Abilities, Weirdness & Mutations

You never pass out after going berserk.
You often lose your temper in combat.
You can translocate small distances at will.
Scrolls take you longer to read.
Your spells are much harder to cast, but much more powerful.
You expend magic power (3 MP) to strengthen your wands.
Your body floats in the air.


Message History

The flame tongue hits the ice beast but does no damage.
The ice beast is almost dead.
The ice beast hits you. The ice beast freezes you!
* * * LOW HITPOINT WARNING * * *
Unknown command.
Casting: Flame Tongue (safe; 5% risk of failure)
Confirm with . or Enter, or press ? or * to list all spells.
Aiming: Flame Tongue (safe; 5% risk of failure)
Press: ? - help, Shift-Dir - straight line, f/p - ice beast
Aim: an ice beast (almost dead)
You feel a surge of power!
The flame tongue misses the ice beast.
The ice beast hits you.
* * * LOW HITPOINT WARNING * * *
The ice beast freezes you!
* * * LOW HITPOINT WARNING * * *
Unknown command.
You feel better. The ice beast hits you.
* * * LOW HITPOINT WARNING * * *
The ice beast freezes you.
You die...

#.. .. ##
..#.### #.
.....#...
.......##
#........
#.....#
#@....#
#Y†.#.#
#..<..#
.........
......[..
.....#....
#....##...
#....# ...


You could see an ice beast.

Vanquished Creatures
  Grinder (D:4)
  Eustachio (D:5)
  An ogre (D:4)
  2 kobold brigands
  2 orc priests
  2 hounds (D:4)
  A bullfrog skeleton (D:5)
  3 orc wizards
  An iguana (D:4)
  A worker ant (D:5)
  A hound skeleton (D:4)
  6 adders (D:3)
  A shadow imp (D:4)
  An adder zombie (D:5)
  An adder skeleton (D:4)
  4 worms
  2 dart slugs (D:1)
  4 leopard geckos (D:1)
  19 orcs
  4 giant cockroaches
  8 goblins
  7 hobgoblins
  7 jackals
  7 kobolds
  2 ball pythons
  3 bats
  3 frilled lizards
  2 rats
97 creatures vanquished.

Notes
Turn   | Place    | Note
-------+----------+-------------------------------------------
     0 | D:1      | kush the Djinni Fire Elementalist began the quest for the
                  | Orb.
     0 | D:1      | Reached XP level 1. HP: 14/14 MP: 4/4
   103 | D:1      | Reached skill level 4 in Fire Magic
   136 | D:1      | Reached XP level 2. HP: 16/20 MP: 1/6
   536 | D:1      | Reached XP level 3. HP: 26/26 MP: 8/8
  1072 | D:2      | Found a sparkling altar of Nemelex Xobeh.
  1138 | D:2      | Found a burning altar of Makhleb.
  1147 | D:2      | Reached skill level 5 in Fire Magic
  1188 | D:2      | Found a hide-covered altar of Uskayaw.
  1418 | D:2      | Found a faded altar of an unknown god.
  1751 | D:2      | Learned a level 3 spell: Conjure Flame
  1865 | D:3      | Gained mutation: Your spells are harder to cast, but more
                  | powerful. [Djinni growth]
  1865 | D:3      | Gained mutation: You can translocate small distances at
                  | will. [Djinni growth]
  1865 | D:3      | Reached XP level 4. HP: 29/33 MP: 7/10
  1974 | D:3      | Reached skill level 6 in Fire Magic
  1975 | D:3      | Reached XP level 5. HP: 29/38 MP: 6/11
  2300 | D:3      | Reached skill level 5 in Spellcasting
  2524 | D:3      | Found a glowing golden altar of the Shining One.
  2524 | D:3      | Found a corrupted altar of Lugonu.
  2944 | D:3      | Found a shattered altar of Ashenzari.
  3100 | D:4      | Reached skill level 7 in Fire Magic
  3129 | D:4      | Found a runed door.
  3172 | D:4      | Noticed an ogre
  3186 | D:4      | Killed an ogre
  3187 | D:4      | Reached XP level 6. HP: 45/45 MP: 6/14
  3370 | D:4      | Reached skill level 8 in Fire Magic
  3432 | D:4      | Found a staircase to the Ecumenical Temple.
  3436 | Temple   | Entered the Ecumenical Temple
  3501 | Temple   | Became a worshipper of Vehumet
  3576 | D:4      | Reached XP level 7. HP: 39/50 MP: 12/16
  3650 | D:4      | Noticed Grinder
  3656 | D:4      | Killed Grinder
  3663 | D:4      | Reached skill level 9 in Fire Magic
  4204 | D:5      | Entered Level 5 of the Dungeon
  4205 | D:5      | Found an opulent altar of Gozag.
  4465 | D:5      | Got a buzzing spear
  4466 | D:5      | Noticed Eustachio
  4525 | D:5      | Reached skill level 1 in Fighting
  4556 | D:5      | Learned a level 5 spell: Fireball
  4672 | D:5      | Learned a level 4 spell: Sticky Flame
  4726 | D:5      | Killed Eustachio
  4727 | D:5      | Gained mutation: Your spells are much harder to cast, but
                  | much more powerful. [Djinni growth]
  4727 | D:5      | Reached XP level 8. HP: 49/61 MP: 11/19
  4848 | D:6      | HP: 2/61 [ice beast (11)]
  4849 | D:6      | Slain by an ice beast

Skill      XL: |  1  2  3  4  5  6  7 |
---------------+----------------------+-----
Fire Magic     | 4 5 6 7 8 9 |  9.1
Spellcasting   | 4 5 6 7 |  7.4
Fighting       | 1 |  1.8
Conjurations   | 3 |  3.2
Dodging        | |  2.0
Stealth        | |  1.5

Action                   |  1- 3 |  4- 6 |  7- 9 || total
-------------------------+-------+-------+-------++-------
Melee: Unarmed           |    12 |       |       ||    12
       Dagger            |     4 |     5 |    13 ||    22
 Cast: Flame Tongue      |    64 |    97 |    71 ||   232
       Conjure Flame     |       |     1 |     2 ||     3
       Sticky Flame      |       |       |     1 ||     1
  Use: Scroll            |     4 |     3 |     1 ||     8
       Potion            |       |       |     2 ||     2
  Eat: Chunk             |     4 |     7 |     5 ||    16
Armor: Robe              |    14 |    15 |    15 ||    44
Dodge: Dodged            |    34 |    36 |    54 ||   124
